 Dungeon Crawl Stone Soup version 0.24.0-123-gd5b16e6ec5 (webtiles) character file.

Game seed: 719036121134699091, levelgen mode: deterministic

729 Norian the Magician (level 7, -4/36 HPs)
             Began as a Deep Elf Conjurer on Dec 23, 2019.
             Slain by a wight
             ... wielding a +3 dire flail
              (13 damage)
             ... on level 3 of the Dungeon.
             The game lasted 00:04:52 (3361 turns).

Norian the Magician (Deep Elf Conjurer)             Turns: 3361, Time: 00:04:53

Health: -4/36      AC:  2    Str:  7    XL:     7   Next: 44%
Magic:  16/28      EV: 13    Int: 20    God:
Gold:   149        SH:  0    Dex: 15    Spells: 11/20 levels left

rFire    . . .     SeeInvis .   f - +1 dagger (venom)
rCold    . . .     Gourm    .   (no shield)
rNeg     . . .     Faith    .   a - +0 robe
rPois    .         Spirit   .   (no helmet)
rElec    .         Reflect  .   (no cloak)
rCorr    .         Harm     .   (no gloves)
MR       .....                  (no boots)
Stlth    ++........             (no amulet)
HPRegen  0.12/turn              o - ring of magical power
MPRegen  0.21/turn              (no ring)

@: lightly drained
A: no striking features
a: no special abilities


You were on level 3 of the Dungeon.
You were not hungry.

You visited 1 branch of the dungeon, and saw 4 of its levels.

You collected 149 gold pieces.

Inventory:

Hand Weapons
 f - a +1 dagger of venom (weapon)
Armour
 a - a +0 robe (worn)
Jewellery
 o - a ring of magical power (left hand)
Scrolls
 e - 5 scrolls of teleportation {unknown}
 g - 4 scrolls of remove curse {unknown}
 k - 3 scrolls of identify {unknown}
 n - a scroll of noise {unknown}
 p - a scroll of fog {unknown}
 r - a scroll of enchant weapon {unknown}
Potions
 b - 4 potions of curing {unknown}
 d - a potion of berserk rage {unknown}
 h - a potion of degeneration {unknown}
 i - a potion of ambrosia {unknown}
 j - a potion of flight {unknown}
 l - 2 potions of heal wounds {unknown}
 m - 2 potions of haste {unknown}
 q - 2 potions of magic {unknown}
Comestibles
 c - 8 rations
 s - a chunk of flesh


   Skills:
 - Level 2.4(2.1) Dodging
 - Level 2.4(2.1) Stealth
 + Level 7.4(7.0) Spellcasting
 + Level 7.2(6.9) Conjurations
 + Level 4.7(4.4) Hexes


You had 11 spell levels left.
You knew the following spells:

 Your Spells              Type           Power        Failure   Level  Hunger
a - Magic Dart            Conj           ####         1%          1    None
b - Iskenderun's Mystic   Conj           ####....     5%          4    ###....
c - Fulminant Prism       Conj/Hex       ####......   9%          4    ###....

Your spell library contained the following spells:

 Spells                   Type           Power        Failure   Level  Hunger
 Searing Ray              Conj           ####..       1%          2    None
 Dazzling Spray           Conj/Hex       ####..       2%          3    #......
 Force Lance              Conj/Tloc      ###.....     22%         4    ###....


Dungeon Overview and Level Annotations

Branches:
Dungeon (4/15)
 Temple: D:4-7

Altars:
Qazlal

Annotations:
D:4 Natasha


Message History

The orb of energy misses the wight.
The wight hits you with a +3 dire flail.
You feel drained.
Casting: Iskenderun's Mystic Blast (safe; 5% risk of failure)
Confirm with . or Enter, or press ? or * to list all spells.
Aiming: Iskenderun's Mystic Blast (safe; 5% risk of failure)
Press: ? - help, Shift-Dir - straight line, f/p - wight
Aim: a wight, wielding a +3 dire flail and wearing a +0 robe The orb of energy hits the wight!
The wight is severely damaged.
The wight hits you with a +3 dire flail!
* * * LOW HITPOINT WARNING * * *
Casting: Iskenderun's Mystic Blast (safe; 5% risk of failure)
Confirm with . or Enter, or press ? or * to list all spells.
Aiming: Iskenderun's Mystic Blast (safe; 5% risk of failure)
Press: ? - help, Shift-Dir - straight line, f/p - wight
Aim: a wight, wielding a +3 dire flail and wearing a +0 robe (severely damaged)
The orb of energy misses the wight.
The wight hits you with a +3 dire flail!
You die...

#.# #...###
##########.###..[..#
#........)..).......
#.########..##...... ######.##
#..##.....#
######.......#######..##.....#
#.............<....#..###.####
#.####......z####.....# #.#
#.####.......@........# #.# #
#.#..........####....## #.# ##
#.#.##.......#####...####.###.
#.#.##..........))............
#.#.##........####.#####.####.
#.#.##........####.# #.# ##
#.#.##)......#.....# #.# #
#.#.##........####.# #.#
#.#.##).......# #.# #.#


You could see a wight.

Vanquished Creatures
  Grinder (D:4)
  An ogre (D:3)
  A wight (D:4)
  A hound (D:3)
  An orc priest (D:3)
  A centaur skeleton (D:4)
  An iguana (D:3)
  Natasha (twice) (D:4)
  A worker ant zombie (D:4)
  7 gnolls (D:3)
  9 adders
  An adder zombie (D:4)
  2 worms (D:3)
  4 dart slugs
  2 leopard geckos
  5 orcs
  6 giant cockroaches
  3 goblins (D:1)
  11 hobgoblins
  6 kobolds
  10 ball pythons
  7 bats
  11 frilled lizards
  A jackal zombie (D:4)
  9 rats
104 creatures vanquished.

Vanquished Creatures (others)
  4 fulminant prisms
4 creatures vanquished.

Grand Total: 108 creatures vanquished

Notes
Turn   | Place    | Note
-------+----------+-------------------------------------------
     0 | D:1      | Norian the Deep Elf Conjurer began the quest for the Orb.
     0 | D:1      | Reached XP level 1. HP: 10/10 MP: 6/6
    66 | D:1      | Reached XP level 2. HP: 15/15 MP: 0/8
   388 | D:1      | Reached XP level 3. HP: 4/19 MP: 0/10
   389 | D:1      | Reached skill level 5 in Conjurations
   653 | D:2      | Found a stormy altar of Qazlal.
  1100 | D:2      | Reached XP level 4. HP: 19/24 MP: 3/12
  1127 | D:2      | Learned a level 4 spell: Iskenderun's Mystic Blast
  1132 | D:2      | Learned a level 4 spell: Fulminant Prism
  1247 | D:2      | Reached skill level 5 in Spellcasting
  1744 | D:3      | Reached XP level 5. HP: 28/28 MP: 15/15
  1962 | D:3      | Reached skill level 1 in Hexes
  2127 | D:3      | Reached XP level 6. HP: 6/32 MP: 10/17
  2955 | D:4      | Noticed Natasha
  2959 | D:4      | Killed Natasha
  3046 | D:4      | Noticed Natasha
  3050 | D:4      | Killed Natasha
  3125 | D:4      | Noticed Grinder
  3130 | D:4      | Killed Grinder
  3130 | D:4      | Reached XP level 7. HP: 36/36 MP: 9/19
  3184 | D:4      | Noticed Natasha
  3361 | D:3      | Slain by a wight

Levels and vault maps discovered:
D:1:      eino_arrival_druids_welcome, layout_rooms, minmay_tetromino_i4
D:2:      layout_basic, grunt_qazlal_sundering, minmay_snake_closets
D:3:      layout_loops_ring
D:4:      layout_basic, lemuel_crystal_altar, uniq_eustachio, uniq_grinder,
          uniq_natasha

Skill      XL: |  1  2  3  4  5  6 |
---------------+-------------------+-----
Spellcasting   | 4 5 6 7 |  7.4
Conjurations   | 5 6 7 |  7.2
Hexes          | 2 4 |  4.7
Dodging        | |  2.4
Stealth        | |  2.4

Action                   |  1- 3 |  4- 6 |  7- 9 || total
-------------------------+-------+-------+-------++-------
Melee: Dagger            |    10 |       |     1 ||    11
 Cast: Magic Dart        |    75 |   146 |     1 ||   222
       Iskenderun's Myst |       |     5 |     7 ||    12
       Fulminant Prism   |       |     1 |     3 ||     4
  Eat: Chunk             |       |     7 |     2 ||     9
Armor: Robe              |     1 |     5 |       ||     6
Dodge: Dodged            |     8 |    29 |     4 ||    41
